 Dungeon Crawl Stone Soup version 0.17-a0-737-gf0a300a (webtiles) character file.

23240 BluebellGnoll the Unseen (level 12, 0/50 (51) HPs)
             Began as a Spriggan Enchanter on May 8, 2015.
             Was a High Priest of Vehumet.
             Succumbed to a killer bee's poison
             ... on level 3 of the Lair of Beasts.
             The game lasted 01:19:23 (18427 turns).

BluebellGnoll the Unseen (Spriggan Enchanter)      Turns: 18427, Time: 01:19:23

HP:   0/50 (51)     AC:  4    Str:  4    XL:     12   Next: 70%
MP:   27/36         EV: 29    Int: 21    God:    Vehumet [*****.]
Gold: 675           SH:  0    Dex: 17    Spells: 7 memorised, 10 levels left

rFire  . . .     SeeInvis +     s - +2 short sword (elec)
rCold  . . .     Clarity  .     t - +2 robe {rN+}
rNeg   + . .     SustAb   .     (shield restricted)
rPois  .         Gourm    .     (helmet restricted)
rElec  .         Spirit   .     (no cloak)
rCorr  .         Warding  .     (gloves unavailable)
rMut   .         Stasis   .     (boots unavailable)
MR     ++...                    S - amulet of rage
Stlth  +++++++++.               Z - ring of magical power
                                B - ring of stealth

@: lethally poisoned (0 -> -5), very quick, very resistant to hostile
enchantments, incredibly stealthy
A: unfitting armour, see invisible, herbivore 3, speed 3, slow metabolism 2
a: Renounce Religion, Evoke Berserk Rage


You were on level 3 of the Lair of Beasts.
You worshipped Vehumet.
Vehumet was extremely pleased with you.
You were very full.

You visited 3 branches of the dungeon, and saw 16 of its levels.
You also visited: Sewer, Ossuary and Bailey.

You collected 723 gold pieces.
You spent 48 gold pieces at shops.

Inventory:

Hand weapons
 n - a +1 quarterstaff of protection
 s - a +2 short sword of electrocution (weapon)
 Q - a +1 short sword of venom
Missiles
 c - 59 poisoned needles
 k - 335 stones (quivered)
 p - 5 tomahawks
 u - 6 throwing nets
Armour
 t - a +2 robe of positive energy (worn)
Jewellery
 a - an uncursed amulet of resist corrosion
 f - an uncursed ring of positive energy
 B - a ring of stealth (left hand)
 S - an amulet of rage (around neck)
 U - an uncursed ring of flight
 Z - a ring of magical power (right hand)
Magical devices
 q - a wand of frost (36)
 A - a wand of cold (13)
 G - a wand of enslavement (14)
 M - a wand of flame (8)
Scrolls
 i - 11 scrolls of immolation
 j - 4 scrolls of fear
 m - 5 scrolls of fog
 o - 6 scrolls of recharging
 w - 4 scrolls of identify
 H - 4 scrolls of blinking
 N - 4 scrolls of teleportation
Potions
 b - 5 potions of brilliance
 e - 10 potions of curing
 h - a potion of agility
 r - 2 potions of cancellation
 v - 3 potions of might
 z - 2 potions of heal wounds
 E - 2 potions of haste
 I - 2 potions of invisibility
 L - a potion of resistance
 V - 2 potions of berserk rage
Miscellaneous
 K - a plain deck of wonders
 Y - a lamp of fire
Comestibles
 d - 10 bread rations
 g - 2 fruits


   Skills:
 - Level 10.0 Short Blades
 - Level 12.9 Dodging
 - Level 17.7 Stealth
 + Level 10.9 Spellcasting
 + Level 7.8 Hexes
 - Level 4.2 Charms
 - Level 7.7 Evocations


You had 10 spell levels left.
You knew the following spells:

 Your Spells              Type           Power        Failure   Level  Hunger
a - Corona                Hex            #####..      1%          1    None
b - Ensorcelled Hibernat  Hex/Ice        ####..       1%          2    None
c - Confuse               Hex            #####...     1%          3    None
d - Tukima's Dance        Hex            #####...     1%          3    None
e - Dazzling Spray        Conj/Hex       ####....     1%          3    None
f - Deflect Missiles      Chrm/Air       ###.......   100%        6    ######.
g - Cause Fear            Hex            #####.....   2%          4    #......


Dungeon Overview and Level Annotations

Branches:
Dungeon (11/15)            Temple (1/1) D:6            Lair (4/8) D:9
  Swamp (0/5) Lair:4       Spider (0/5) Lair:3          Orc (0/4) D:11

Altars:
Cheibriados
Elyvilon
Fedhas
Gozag
Kikubaaqudgha
Makhleb
Nemelex Xobeh
Okawaru
Qazlal
Ru
Sif Muna
Trog
Vehumet
Xom
Yredelemnul
Zin
Beogh

Shops:
D:4 [*

Annotations:
Lair:3 Gastronok, Maud
Lair:4 exclusion: 3 oklob plants


Innate Abilities, Weirdness & Mutations

You are tiny and cannot use many weapons and most armour.
You have supernaturally acute eyesight.
You are a herbivore.
You cover ground extremely quickly.
You need consume almost no food.


Message History

The killer bee stings the plant but does no damage.
Cornered, the killer bee turns to fight!
The killer bee closely misses you.
Cornered, the killer bee turns to fight!
Cornered, the killer bee turns to fight!
The killer bee misses you.
The killer bee barely misses the killer bee.
Your surroundings suddenly seem different.
A trapdoor spider leaps out from its hiding place under the floor!
You feel sick.
You feel sick.
You feel sick.
You hear an angry buzzing noise.
You hear an angry buzzing noise.
You feel sick.
You hear an angry buzzing noise.
Gastronok waves his eye-stalks in wide circles.
The air twists around and strikes you!
* * * LOW HITPOINT WARNING * * *
You die...

..## ##..##### ##.## ...###...##
#.P# +#+##.....# ##..#### #
....#.#+#+### #......###P#..
....##......# #..............
....#......## #..÷.............
.8...#.....# #...........P....
.....w.8..#######..(..#....#.....
....#†....#.....@.....#.....#....
.8.......#......##...#...........
........##...............<.......
.>..8...#...................#.#..
......##............Y#..Y........
.8...##♣................#.P.##...
....##..................Y#####P..
#'#..#...##.............###.##...
...##......w.........#..##..#P.<.


There were no monsters in sight!

Vanquished Creatures
  The ghost of hornqvist the Severer, a powerful FoFi of Gozag (Bailey)
  2 hydras (Lair:3)
  2 death yaks (Lair:2)
  A deep elf knight (Bailey)
  Pikel (D:7)
  An ugly thing (D:11)
  A griffon (Lair:2)
  3 elephants (Lair:3)
  Joseph (D:7)
  6 spiny frogs
  3 komodo dragons
  A fire drake (Lair:4)
  A deep elf priest (Bailey)
  A troll (D:11)
  4 blink frogs (Lair:3)
  9 yaks
  2 trapdoor spiders (Lair:3)
  2 deep elf magi (Bailey)
  Sigmund (D:2)
  A wraith (D:10)
  4 deep elf fighters (Bailey)
  A steam dragon (Lair:3)
  A hungry ghost (D:5)
  A wyvern (D:11)
  3 hippogriffs
  3 basilisks (Lair:3)
  6 wolves (Lair:2)
  9 porcupines
  3 sky beasts
  3 orc warriors
  7 ice beasts
  A necrophage (D:10)
  4 slaves (D:7)
  Purgy (Sewer)
  3 water moccasins
  A phantom (D:6)
  A black bear (Lair:3)
  5 crocodiles
  4 ogres
  4 centaurs
  An elf zombie (Ossuary)
  Blork the orc (D:4)
  16 giant frogs
  A gnoll sergeant (D:10)
  2 killer bees (Lair:3)
  A scorpion (D:7)
  2 water moccasin skeletons
  5 electric eels
  9 jellies
  A crimson imp (D:5)
  A centaur zombie (Ossuary)
  A human zombie (Ossuary)
  2 centaur skeletons
  A giant frog zombie (D:11)
  Crazy Yiuf (D:4)
  A giant frog skeleton (D:7)
  A gnoll shaman (D:10)
  Ijyb (D:2)
  7 hounds
  9 iguanas
  5 orc priests
  Jessica (D:2)
  9 orc wizards
  5 worker ants
  5 sheep (Lair:2)
  2 big kobold zombies (Ossuary)
  2 mummies (Ossuary)
  Robin (D:2)
  3 worker ant zombies
  9 adders
  16 gnolls
  23 river rats
  An ooze (D:6)
  A shadow imp (D:7)
  An adder skeleton (D:8)
  2 adder zombies (Ossuary)
  4 worms
  4 giant geckos
  34 orcs
  A ball python (D:2)
  2 bat zombies
  6 giant cockroaches
  24 goblins
  10 hobgoblins
  17 jackals
  16 kobolds
  3 quokkas
  20 bats
  8 giant newts
  2 giant spores
  2 gnoll zombies (D:6)
  A goblin zombie (Ossuary)
  11 hobgoblin zombies (Ossuary)
  A jackal skeleton (D:5)
  A jackal zombie (Ossuary)
  9 kobold zombies (Ossuary)
  6 orc zombies (Ossuary)
  13 rats
  2 rat zombies (Ossuary)
  8 ballistomycetes
464 creatures vanquished.

Vanquished Creatures (others)
  A giant spore (D:6)
  2 fungi
3 creatures vanquished.

Grand Total: 467 creatures vanquished

Notes
Turn   | Place    | Note
--------------------------------------------------------------
     0 | D:1      | BluebellGnoll, the Spriggan Enchanter, began the quest for the Orb.
     0 | D:1      | Reached XP level 1. HP: 9/9 MP: 5/5
   122 | D:1      | Reached skill level 5 in Stealth
   254 | D:1      | Reached XP level 2. HP: 13/13 MP: 6/6
   258 | D:1      | Learned a level 2 spell: Ensorcelled Hibernation
   603 | D:1      | Reached skill level 6 in Stealth
   927 | D:2      | Noticed Sigmund
  1291 | D:2      | Reached XP level 3. HP: 4/16 MP: 6/8
  1326 | D:2      | Learned a level 3 spell: Confuse
  2118 | D:2      | Reached skill level 7 in Stealth
  2327 | D:2      | Noticed Ijyb
  2335 | D:2      | Killed Ijyb
  2335 | D:2      | Reached XP level 4. HP: 2/21 MP: 4/9
  2974 | D:2      | Killed Sigmund
  2974 | D:2      | Reached XP level 5. HP: 24/24 MP: 8/13
  3057 | D:2      | Learned a level 3 spell: Tukima's Dance
  3061 | D:2      | Learned a level 3 spell: Dazzling Spray
  3084 | D:2      | Noticed Jessica
  3084 | D:2      | Noticed Robin
  3153 | D:2      | Killed Jessica
  3153 | D:2      | Reached skill level 5 in Spellcasting
  3153 | D:2      | Reached XP level 6. HP: 23/28 MP: 0/14
  3300 | D:2      | Killed Robin
  3300 | D:2      | Reached skill level 5 in Hexes
  3504 | D:2      | Found a stormy altar of Qazlal.
  3504 | D:2      | Noticed a water elemental
  3506 | D:2      | Noticed an air elemental
  3507 | D:2      | Noticed an earth elemental
  3507 | D:2      | Noticed a fire elemental
  3645 | D:3      | Found an ancient bone altar of Kikubaaqudgha.
  3815 | D:3      | Found a deep blue altar of Sif Muna.
  3816 | D:3      | Found a sacrificial altar of Ru.
  3999 | D:3      | Found an opulent altar of Gozag.
  4302 | D:4      | Noticed Blork the orc
  4334 | D:4      | Found Radatof's Antique Armour Shoppe.
  4339 | D:4      | Found a snail-covered altar of Cheibriados.
  4690 | D:4      | Found a glowing drain.
  4800 | Sewer    | Entered a sewer
  5008 | Sewer    | Noticed Purgy
  5025 | Sewer    | Killed Purgy
  5025 | Sewer    | Reached skill level 5 in Dodging
  5025 | Sewer    | Reached XP level 7. HP: 27/32 MP: 10/15
  5153 | Sewer    | Gained mutation: You are partially covered in large bone plates (AC +2, SH +2). [potion of beneficial mutation]
  5154 | Sewer    | Lost mutation: You are partially covered in large bone plates (AC +2, SH +2). [potion of cure mutation]
  5233 | D:4      | Killed Blork the orc
  5233 | D:4      | Reached skill level 8 in Stealth
  5316 | D:4      | Found a glowing silver altar of Zin.
  5319 | D:4      | Found Kepn's General Store.
  5324 | D:4      | Bought a potion of agility for 48 gold pieces
  5528 | D:4      | Noticed Crazy Yiuf
  5532 | D:4      | Killed Crazy Yiuf
  5712 | D:5      | Entered Level 5 of the Dungeon
  5744 | D:5      | Reached skill level 9 in Stealth
  5766 | D:5      | Found a shimmering altar of Xom.
  5976 | D:5      | Reached XP level 8. HP: 36/36 MP: 12/16
  6342 | D:6      | Identified a scroll of acquirement
  6505 | D:6      | Found a sand-covered staircase.
  6535 | Ossuary  | Entered an ossuary
  6675 | Ossuary  | Reached skill level 10 in Stealth
  7219 | D:6      | Reached skill level 11 in Stealth
  7380 | D:6      | Found a basalt altar of Yredelemnul.
  7558 | D:6      | Reached skill level 5 in Short Blades
  7726 | D:6      | Found a staircase to the Ecumenical Temple.
  7738 | Temple   | Entered the Ecumenical Temple
  7764 | Temple   | Became a worshipper of Vehumet
  8026 | D:7      | Reached XP level 9. HP: 39/39 MP: 15/18
  8266 | D:7      | Found a sparkling altar of Nemelex Xobeh.
  8396 | D:7      | Found an iron altar of Okawaru.
  8396 | D:7      | Noticed Joseph
  8400 | D:7      | Killed Joseph
  8479 | D:7      | Acquired Vehumet's first power
  8479 | D:7      | Offered knowledge of Shock by Vehumet.
  8567 | D:7      | Noticed Pikel
  8688 | D:7      | Killed Pikel
  9026 | D:7      | Learned a level 6 spell: Deflect Missiles
  9209 | D:8      | Reached XP level 10. HP: 29/44 MP: 11/23
  9287 | D:8      | Reached skill level 1 in Charms
  9521 | D:8      | Offered knowledge of Throw Frost by Vehumet.
  9566 | D:8      | Reached skill level 10 in Short Blades
  9727 | D:8      | Found a blossoming altar of Fedhas.
  9792 | D:8      | Reached skill level 1 in Evocations
 10019 | D:9      | Found a white marble altar of Elyvilon.
 10028 | D:9      | Found a shimmering altar of Xom.
 10156 | D:9      | Found a staircase to the Lair.
 10260 | D:9      | Found a bloodstained altar of Trog.
 10384 | D:9      | Offered knowledge of Static Discharge by Vehumet.
 10567 | D:10     | Entered Level 10 of the Dungeon
 11028 | D:10     | Acquired Vehumet's second power
 11312 | D:10     | Reached skill level 12 in Stealth
 11704 | D:11     | Offered knowledge of Sticky Flame by Vehumet.
 11704 | D:11     | Reached skill level 10 in Dodging
 11750 | D:11     | Found a staircase to the Orcish Mines.
 11750 | D:11     | Noticed a purple ugly thing
 11756 | D:11     | Killed a purple ugly thing
 11756 | D:11     | Reached skill level 13 in Stealth
 11790 | D:11     | Found a roughly hewn altar of Beogh.
 11926 | D:11     | Found a flagged portal.
 11973 | D:11     | Learned a level 4 spell: Cause Fear
 11974 | Bailey   | Entered a bailey
 11977 | Bailey   | Noticed hornqvist's ghost (powerful FoFi)
 12007 | Bailey   | Killed hornqvist's ghost
 12007 | Bailey   | Reached skill level 5 in Evocations
 12007 | Bailey   | Reached XP level 11. HP: 46/46 MP: 8/25
 12105 | Bailey   | Reached skill level 14 in Stealth
 12169 | Bailey   | Noticed a deep elf knight
 12173 | Bailey   | Killed a deep elf knight
 12219 | Bailey   | Acquired Vehumet's third power
 12232 | Bailey   | Offered knowledge of Venom Bolt by Vehumet.
 12485 | D:11     | Noticed a flayed ghost
 12662 | Lair:1   | Entered Level 1 of the Lair of Beasts
 12703 | Lair:1   | Reached skill level 15 in Stealth
 13568 | Lair:2   | You fall through a shaft for 2 floors!
 13743 | Lair:3   | Noticed Gastronok
 13743 | Lair:3   | Noticed a death yak
 13743 | Lair:3   | Noticed a five-headed hydra
 13743 | Lair:3   | Noticed an eight-headed hydra
 13746 | Lair:3   | Killed a five-headed hydra
 13770 | Lair:3   | Found a hole to the Spider Nest.
 13788 | Lair:3   | Reached skill level 16 in Stealth
 13795 | Lair:3   | Noticed a death yak
 13803 | Lair:3   | Noticed a death yak
 13803 | Lair:3   | Noticed a death yak
 13878 | Lair:4   | Offered knowledge of Airstrike by Vehumet.
 13994 | Lair:4   | Found a staircase to the Swamp.
 15024 | Lair:3   | Reached XP level 12. HP: 50/50 MP: 26/26
 15168 | Lair:2   | Reached skill level 17 in Stealth
 16890 | Lair:3   | Killed an eight-headed hydra
 17073 | Lair:3   | Noticed a death yak
 17124 | Lair:2   | Killed a death yak
 17124 | Lair:2   | Reached skill level 10 in Spellcasting
 17418 | Lair:3   | Noticed Maud
 18240 | Lair:2   | Killed a death yak
 18402 | Lair:3   | Offered knowledge of Orb of Destruction by Vehumet.
 18426 | Lair:3   | HP: 1/50 [Gastronok/the air (8)]
 18427 | Lair:3   | Succumbed to a killer bee's poison

Action                   |  1- 3 |  4- 6 |  7- 9 | 10-12 || total
-------------------------+-------+-------+-------+-------++-------
Melee: Dagger            |   166 |    14 |       |       ||   180
       Short sword       |       |   109 |   333 |   462 ||   904
Throw: Stone             |     2 |     4 |       |     4 ||    10
 Cast: Corona            |    25 |    12 |    22 |    11 ||    70
       Ensorcelled Hiber |     8 |    16 |    31 |    61 ||   116
       Confuse           |     1 |    15 |    29 |    83 ||   128
       Dazzling Spray    |       |       |     5 |    38 ||    43
       Tukima's Dance    |       |       |       |     1 ||     1
       Cause Fear        |       |       |       |     2 ||     2
  Use: Scroll            |       |    11 |     5 |    14 ||    30
       Potion            |       |       |     7 |     1 ||     8
 Stab: Sleeping          |    12 |    22 |    67 |   100 ||   201
       Confused          |       |     4 |    13 |    29 ||    46
       Distracted        |       |     1 |     2 |       ||     3
       Invisible         |       |       |     1 |    11 ||    12
       Held in net/web   |       |       |       |     1 ||     1
  Eat: Fruit             |     3 |       |     7 |    10 ||    20
       Pizza             |       |     1 |     2 |       ||     3
